 Dungeon Crawl Stone Soup version 0.24.0-125-gc4c63601f3 (webtiles) character file.

Game seed: 12731225877769956924, levelgen mode: deterministic

65996 Brecoman the Fighter (level 14, -19/129 HPs)
             Began as a Pale Draconian Fire Elementalist on Dec 17, 2019.
             Was a High Priest of Qazlal.
             Killed by the raging water
             ... invoked by a water nymph
              (40 damage)
             ... on level 2 of the Shoals on Mar 13, 2020.
             The game lasted 02:08:55 (32158 turns).

Brecoman the Fighter (DrFE)                        Turns: 32158, Time: 02:08:55

Health: -19/129    AC: 14    Str: 15    XL:     14   Next: 77%
Magic:  20/27      EV: 31    Int: 23    God:    Qazlal [*****.]
Gold:   1994       SH:  6    Dex: 11    Spells: 15/31 levels left

rFire    . . .     SeeInvis .   a - +11 demon blade "Brush" {freeze, rPois rC++ MR+ Stlth-}
rCold    + + .     Gourm    .   (no shield)
rNeg     + + +     Faith    .   (armour unavailable)
rPois    +         Spirit   .   C - +1 hat of Dered {Str+4 Slay+6}
rElec    .         Reflect  .   I - +2 cloak
rCorr    .         Harm     .   (no gloves)
MR       ++...                  q - +1 pair of boots {run}
Stlth    +.........             t - amulet "Wamn" {Acrobat rC- rN++ MR+ Int+2}
HPRegen  0.31/turn              N - ring "Werch" {+Fly rPois rN++ MR- Stlth+}
MPRegen  0.20/turn              p - ring of protection from cold

@: acrobat, repel missiles, very slow
A: breathe steam, unfitting armour, cold-blooded, AC +8
a: Breathe Steam, Upheaval, Elemental Force, Disaster Area, Renounce Religion,
Evoke Flight


You were on level 2 of the Shoals.
You worshipped Qazlal.
Qazlal was extremely pleased with you.
You were not hungry.

You visited 4 branches of the dungeon, and saw 21 of its levels.

You collected 2165 gold pieces.
You spent 171 gold pieces at shops.

Inventory:

Hand Weapons
 a - the +11 demon blade "Brush" (weapon) {freeze, rPois rC++ MR+ Stlth-}
   (You acquired it on level 2 of the Lair of Beasts)

   It has been specially enchanted to freeze those struck by it, causing extra
   injury to most foes and up to half again as much damage against particularly
   susceptible opponents.
   It can also slow down cold-blooded creatures.
   It greatly protects you from cold.
   It protects you from poison.
   It affects your resistance to hostile enchantments.
   It makes you less stealthy.
Missiles
 h - 68 poisoned darts (quivered)
 i - 609 stones
Armour
 q - a +1 pair of boots of running (worn)
 C - the +1 hat of Dered (worn) {Str+4 Slay+6}
   (You acquired it on level 5 of the Lair of Beasts)

   It affects your strength (+4).
   It affects your accuracy and damage with ranged weapons and melee attacks
   (+6).
 I - a +2 cloak (worn)
Magical Staves
 b - an uncursed staff of conjuration
Jewellery
 p - a ring of protection from cold (right hand)
 t - the amulet "Wamn" (around neck) {Acrobat rC- rN++ MR+ Int+2}
   (You found it on level 8 of the Dungeon)

   [amulet of the acrobat]

   It helps you evade while moving and waiting.
   It affects your intelligence (+2).
   It makes you vulnerable to cold.
   It greatly protects you from negative energy.
   It affects your resistance to hostile enchantments.
 A - an uncursed ring of resist corrosion
 F - an uncursed amulet of faith {unknown}
 G - a +5 ring of dexterity
 N - the ring "Werch" (left hand) {+Fly rPois rN++ MR- Stlth+}
   (You acquired it on level 6 of the Lair of Beasts)

   [ring of flight]

   It protects you from poison.
   It greatly protects you from negative energy.
   It affects your resistance to hostile enchantments.
   It lets you fly.
   It makes you more stealthy.
Wands
 l - a wand of flame (7)
 u - a wand of iceblast (22)
 w - a wand of random effects (51)
 E - a wand of polymorph (16)
 O - a wand of clouds (8)
 P - a wand of acid (5)
 S - a wand of enslavement (3)
Scrolls
 d - 8 scrolls of remove curse
 e - 2 scrolls of blinking
 g - a scroll of acquirement
 j - 9 scrolls of teleportation
 s - 2 scrolls of enchant weapon
 v - 5 scrolls of amnesia
 x - 7 scrolls of identify
 L - a scroll of fear
 R - 2 scrolls of immolation
 U - 2 scrolls of magic mapping
 V - a scroll of fog
 W - a scroll of enchant armour
 X - a scroll of vulnerability {unknown}
Potions
 c - 6 potions of brilliance
 f - 2 potions of might
 m - 4 potions of lignification
 n - 2 potions of mutation
 o - 5 potions of haste
 z - 2 potions of berserk rage
 B - 2 potions of agility
 D - a potion of cancellation
 H - 2 potions of flight
 K - 6 potions of curing
 M - a potion of magic
 T - a potion of invisibility
Miscellaneous
 r - a lamp of fire
Comestibles
 k - 3 chunks of flesh
 y - 14 rations


   Skills:
 + Level 13.5 Fighting
 * Level 12.4 Long Blades
   Level 5.7 Polearms
 - Level 8.2 Dodging
 - Level 1.7 Stealth
 - Level 9.0 Spellcasting
 - Level 8.0 Conjurations
 - Level 9.0 Fire Magic
 + Level 9.9 Invocations


You had 15 spell levels left.
You knew the following spells:

 Your Spells              Type           Power        Failure   Level  Hunger
a - Flame Tongue          Conj/Fire      #####        1%          1    None
b - Throw Flame           Conj/Fire      #####.       1%          2    None
c - Conjure Flame         Conj/Fire      #####...     1%          3    None
d - Sticky Flame          Conj/Fire      #####...     1%          4    ##.....
e - Fireball              Conj/Fire      #####.....   5%          5    ####...
f - Animate Skeleton      Necr           N/A          6%          1    None

Your spell library contained the following spells:

 Spells                   Type           Power        Failure   Level  Hunger
 Inner Flame              Hex/Fire       ####....     3%          3    None
 Apportation              Tloc           ##....       6%          1    None
 Confusing Touch          Hex            ##....       6%          1    None
 Pain                     Necr           ##..         6%          1    None
 Summon Small Mammal      Summ           ##..         6%          1    None
 Recall                   Summ/Tloc      N/A          19%         3    None
 Regeneration             Chrm/Necr      ##........   19%         3    None
 Vampiric Draining        Necr           ##........   19%         3    None
 Animate Dead             Necr           N/A          52%         4    ##.....
 Borgnjor's Vile Clutch   Necr/Erth      ##........   86%         5    ####...
 Death Channel            Necr           ##........   100%        6    ######.
 Simulacrum               Ice/Necr       ##........   100%        6    ######.


Dungeon Overview and Level Annotations

Branches:
Dungeon (11/15)            Temple (0/1) D:5            Lair (6/6) D:8
 Shoals (2/4) Lair:4        Snake (0/4) Lair:2        Slime (0/5) Lair:6
    Orc (2/2) D:9             Elf (0/3) Orc:2

Altars:
Dithmenos
Elyvilon
Fedhas
Gozag
Makhleb
Okawaru
Qazlal
Ru
Sif Muna
Trog
Yredelemnul
The Shining One
Beogh

Shops:
D:6 *   D:7 (   Orc:1 }   Orc:2 *((*

Annotations:
D:7 1 runed translucent door, VanClaymore's ghost, novice TrHu
D:9 exclusion: 2 oklob plants
D:10 1 runed translucent door, VanClaymore's ghost, journeyman TrHu


Innate Abilities, Weirdness & Mutations

You can breathe blasts of scalding, opaque steam.
Your pale cyan-grey scales are hard. (AC +8)
You cannot fit into any form of body armour.
You are cold-blooded and may be slowed by cold attacks.


Message History

A harpy comes into view.
A harpy is nearby!
The harpy screeches!
A harpy comes into view. x2
The harpy moves out of view.
Really walk into that teleport trap?
You enter a teleport trap!
The teleport trap disappears.
Your surroundings suddenly seem different.
Splash!
You fall into the shallow water.
Moving in this stuff is going to be slow.
A water nymph comes into view.
You feel less protected from physical attacks.
You hear a shout!
A merfolk impaler comes into view. It is wielding a +0 trident.
Found 26 stones and a scroll of blinking.
You hear an angry hiss.
You hear a screech! x3
The water nymph gestures at you while chanting.
The water swirls and strikes you!!!
You die...

..≈≈ ...≈≈ .
...≈≈ ≈≈ #..≈≈≈
≈≈.######...≈≈≈
≈≈m...☼....≈≈≈≈
≈≈≈(.○○..≈≈≈≈≈≈
≈≈≈....@○§≈m≈≈≈
≈≈≈≈..§≈≈°≈≈≈≈≈
≈≈≈≈≈≈≈≈≈≈≈≈≈≈≈
≈≈≈≈≈≈≈≈≈≈≈≈≈≈≈
≈≈≈≈≈≈≈≈≈≈≈≈≈≈≈
≈≈≈≈≈≈≈≈≈≈≈≈≈≈≈
≈≈≈≈≈≈≈≈≈≈≈≈≈≈≈
###############


You could see a merfolk impaler and a water nymph.

Vanquished Creatures
  A stone giant (Shoals:1)
  An ettin (Orc:2)
  Erolcha (Orc:1)
  4 hydras
  3 catoblepae (Lair:6)
  Erica (D:9)
  A merfolk aquamancer (Shoals:1)
  A two-headed ogre (Orc:2)
  A centaur warrior (Orc:2)
  8 death yaks (Lair:6)
  2 orc high priests
  Urug (Lair:5)
  Sonja (Lair:1)
  2 sea snakes
  10 orc knights
  An ugly thing (D:11)
  2 orc sorcerers (Orc:2)
  4 oklob plants (Lair:6)
  3 manticores
  2 fauns (Shoals:1)
  4 merfolk sirens
  6 elephants (Lair:6)
  4 black mambas
  5 spiny frogs
  2 komodo dragons
  3 rime drakes
  6 trolls
  7 merfolk
  Prince Ribbit (D:4)
  A wind drake (Shoals:2)
  3 polar bears
  Grinder (D:5)
  15 blink frogs
  4 hornets
  8 hippogriffs
  4 snapping turtles
  4 water elementals
  Sigmund (D:3)
  2 wyverns
  44 yaks
  7 basilisks
  2 wargs (Orc:2)
  A soldier ant (D:9)
  6 water moccasins
  Duvessa (D:4)
  10 porcupines
  2 ice beasts
  36 orc warriors
  2 phantoms
  A black bear (D:11)
  4 sky beasts
  An eye of draining (D:8)
  12 ogres
  6 wolves (Lair:6)
  17 centaurs
  13 crocodiles
  A big kobold (D:9)
  6 bullfrogs
  A gnoll sergeant (D:9)
  3 scorpions
  Dowan (D:4)
  A wight (D:9)
  18 killer bees
  8 howler monkeys
  3 electric eels
  3 crimson imps
  A quasit (D:10)
  5 bullfrog skeletons
  2 bullfrog zombies
  3 jellies
  A gnoll shaman (D:9)
  11 orc priests
  9 hounds
  4 iguanas
  Jessica (D:3)
  A centaur skeleton (D:5)
  Ijyb (D:3)
  Terence (D:2)
  A worker ant (D:7)
  2 hell rats (Lair:6)
  14 orc wizards
  A hound zombie (D:6)
  A hound skeleton (D:4)
  Robin (D:3)
  6 gnolls (D:9)
  6 river rats (Lair:6)
  A worker ant zombie (D:7)
  11 adders
  2 shadow imps (D:6)
  2 oozes
  3 adder skeletons
  4 worms
  3 dart slugs
  10 leopard geckos
  61 orcs
  A ball python (D:2)
  4 bats
  A giant cockroach (D:2)
  21 goblins
  23 hobgoblins
  12 jackals
  4 quokkas
  7 frilled lizards
  A goblin skeleton (D:6)
  2 hobgoblin zombies (D:6)
  12 kobolds
  3 kobold zombies (D:6)
  A leopard gecko skeleton (D:6)
  An orc skeleton (D:6)
  3 orc zombies (D:6)
  A quokka skeleton (D:4)
  A quokka zombie (D:6)
  10 rats
  3 plants (Shoals:2)
621 creatures vanquished.

Vanquished Creatures (collateral kills)
  An orc warrior (D:9)
  3 wights (D:9)
  An orc priest (D:9)
5 creatures vanquished.

Vanquished Creatures (others)
  A bush (D:8)
  14 fungi
  35 plants
50 creatures vanquished.

Grand Total: 676 creatures vanquished

Notes
Turn   | Place    | Note
-------+----------+-------------------------------------------
     0 | D:1      | Brecoman the Draconian Fire Elementalist began the quest
                  | for the Orb.
     0 | D:1      | Reached XP level 1. HP: 14/14 MP: 3/3
   132 | D:1      | Reached XP level 2. HP: 22/22 MP: 0/5
   265 | D:1      | Reached skill level 1 in Fighting
   616 | D:1      | Learned a level 2 spell: Throw Flame
   874 | D:2      | Reached XP level 3. HP: 28/28 MP: 1/6
  1328 | D:2      | Found a stormy altar of Qazlal.
  1330 | D:2      | Noticed a water elemental
  1331 | D:2      | Noticed a fire elemental
  1331 | D:2      | Noticed an earth elemental
  1331 | D:2      | Noticed an air elemental
  1337 | D:2      | Became a worshipper of Qazlal Stormbringer
  1584 | D:2      | Reached XP level 4. HP: 36/36 MP: 0/7
  1757 | D:2      | Noticed Terence
  1845 | D:2      | Killed Terence
  1845 | D:2      | Reached skill level 2 in Fighting
  1917 | D:2      | Learned a level 3 spell: Conjure Flame
  2344 | D:2      | Reached skill level 1 in Invocations
  2533 | D:3      | Noticed Robin
  2658 | D:3      | Reached * piety under Qazlal
  2697 | D:3      | Identified a +0 pair of boots of running (You found it on
                  | level 3 of the Dungeon)
  2905 | D:3      | Reached XP level 5. HP: 41/41 MP: 2/9
  2907 | D:3      | Killed Robin
  3103 | D:3      | Noticed Sigmund
  3165 | D:3      | Noticed Jessica
  3168 | D:3      | Killed Jessica
  3233 | D:3      | Found a shadowy altar of Dithmenos.
  3241 | D:3      | Noticed Ijyb
  3308 | D:3      | Killed Ijyb
  3418 | D:3      | Killed Sigmund
  3418 | D:3      | Reached skill level 3 in Fighting
  3418 | D:3      | Reached XP level 6. HP: 42/51 MP: 1/11
  3738 | D:4      | Noticed Duvessa
  3739 | D:4      | Noticed Dowan
  4296 | D:3      | Your scales start taking on a pale cyan-grey colour.
  4296 | D:3      | Reached skill level 5 in Fire Magic
  4296 | D:3      | Reached XP level 7. HP: 34/57 MP: 5/12
  4541 | D:4      | Reached ** piety under Qazlal
  5338 | D:4      | Killed Dowan
  5338 | D:4      | Reached skill level 4 in Fighting
  5580 | D:4      | Killed Duvessa
  5802 | D:4      | Found a bloodstained altar of Trog.
  5823 | D:4      | Found a basalt altar of Yredelemnul.
  5824 | D:4      | Found a burning altar of Makhleb.
  6003 | D:5      | Entered Level 5 of the Dungeon
  6044 | D:4      | Reached XP level 8. HP: 67/67 MP: 2/14
  6426 | D:5      | Noticed Grinder
  6427 | D:5      | Noticed Prince Ribbit
  6480 | D:4      | Killed Prince Ribbit
  6672 | D:5      | Found a shimmering blue altar of Sif Muna.
  6709 | D:5      | Reached skill level 5 in Fighting
  7160 | D:5      | Found a staircase to the Ecumenical Temple.
  7420 | D:5      | Found an iron altar of Okawaru.
  7572 | D:5      | Killed Grinder
  7572 | D:5      | Reached *** piety under Qazlal
  7572 | D:5      | Reached skill level 5 in Spellcasting
  7572 | D:5      | Reached skill level 5 in Conjurations
  7582 | D:5      | Reached XP level 9. HP: 27/74 MP: 1/16
  7938 | D:5      | Learned a level 4 spell: Sticky Flame
  7944 | D:5      | Learned a level 5 spell: Fireball
  8021 | D:6      | Found a glowing golden altar of the Shining One.
  8693 | D:6      | Found Zask's Assorted Antiques.
  8753 | D:6      | Bought a smoky silvery potion for 26 gold pieces
  8753 | D:6      | Bought a copper ring for 145 gold pieces
  8976 | D:6      | Identified the +4 robe "Wumosmai" {rElec rN+}
  8995 | D:6      | Reached skill level 6 in Fighting
 10069 | D:7      | Found Hoki's Weapon Shop.
 10359 | D:7      | Found a runed translucent door.
 10359 | D:7      | Noticed VanClaymore's ghost (novice TrHu)
 10389 | D:7      | Reached **** piety under Qazlal
 10613 | D:6      | Reached skill level 5 in Dodging
 11414 | D:8      | Found a white marble altar of Elyvilon.
 11648 | D:8      | Got a steaming emerald amulet
 11649 | D:8      | Identified the amulet "Wamn" {Acrobat rC- rN++ MR+ Int+2}
                  | (You found it on level 8 of the Dungeon)
 11843 | D:8      | Noticed a troll
 12318 | D:8      | Reached XP level 10. HP: 84/84 MP: 3/19
 12525 | D:8      | Reached skill level 7 in Fighting
 12542 | D:8      | Found a staircase to the Lair.
 13425 | D:8      | Reached skill level 5 in Invocations
 13477 | D:8      | Found a blossoming altar of Fedhas.
 13655 | D:9      | Noticed Erica
 13660 | D:9      | Killed Erica
 13890 | D:9      | Reached skill level 1 in Polearms
 13900 | D:9      | Reached skill level 8 in Fighting
 14700 | D:9      | Reached XP level 11. HP: 94/94 MP: 6/21
 15219 | D:9      | Learned a level 1 spell: Animate Skeleton
 15594 | D:9      | Found a staircase to the Orcish Mines.
 15871 | D:9      | Found a sacrificial altar of Ru.
 15972 | D:9      | Found a blossoming altar of Fedhas.
 15974 | D:9      | Noticed an oklob plant
 15974 | D:9      | Noticed an oklob plant
 16111 | D:10     | Entered Level 10 of the Dungeon
 16469 | D:10     | Reached ***** piety under Qazlal
 17300 | D:10     | Found an opulent altar of Gozag.
 17702 | D:10     | Found a shimmering blue altar of Sif Muna.
 17708 | D:10     | Found a runed translucent door.
 17709 | D:10     | Noticed a spriggan rider
 17709 | D:10     | Identified the +7 spear of Yeast {flame, *Drain rC++ rN+++
                  | Str-5}
 17813 | D:10     | Noticed VanClaymore's ghost (journeyman TrHu)
 18241 | D:11     | Noticed a green ugly thing
 18536 | D:10     | Upgraded the game from 0.24.0-123-gd5b16e6ec5 to
                  | 0.24.0-124-g2791043dd8
 18621 | D:11     | Killed a green ugly thing
 18621 | D:11     | Reached skill level 9 in Fighting
 19121 | Lair:1   | Entered Level 1 of the Lair of Beasts
 19418 | Lair:1   | Noticed Sonja
 19424 | Lair:1   | Killed Sonja
 19632 | Lair:1   | Upgraded the game from 0.24.0-124-g2791043dd8 to
                  | 0.24.0-125-gc4c63601f3
 20211 | Lair:1   | Reached skill level 5 in Polearms
 20211 | Lair:1   | Reached XP level 12. HP: 73/106 MP: 12/24
 20734 | Lair:2   | Noticed a seven-headed hydra
 20747 | Lair:2   | Killed a seven-headed hydra
 21072 | Lair:2   | Reached skill level 10 in Fighting
 21095 | Lair:2   | Found a staircase to the Snake Pit.
 21586 | Lair:2   | Identified 2 scrolls of acquirement
 21587 | Lair:2   | Got an encrusted demon blade
 21588 | Lair:2   | Identified the +11 demon blade "Brush" {freeze, rPois rC++
                  | MR+ Stlth-} (You acquired it on level 2 of the Lair of
                  | Beasts)
 22075 | Lair:3   | Reached skill level 1 in Long Blades
 22430 | Lair:4   | Noticed a four-headed hydra
 22439 | Lair:3   | Killed a six-headed hydra
 23441 | Lair:4   | Reached skill level 5 in Long Blades
 23481 | Lair:4   | Found a staircase to the Shoals.
 23509 | Lair:4   | Reached skill level 11 in Fighting
 24151 | Lair:5   | Noticed an eight-headed hydra
 24155 | Lair:5   | Killed a nine-headed hydra
 24452 | Lair:5   | Got a steaming hat
 24458 | Lair:5   | Identified the +1 hat of Dered {Str+4 Slay+6} (You acquired
                  | it on level 5 of the Lair of Beasts)
 24581 | Lair:5   | Reached XP level 13. HP: 80/116 MP: 26/26
 25085 | Lair:6   | Entered Level 6 of the Lair of Beasts
 25086 | Lair:6   | Noticed Urug
 25097 | Lair:5   | Killed Urug
 26085 | Lair:6   | Reached skill level 12 in Fighting
 26177 | Lair:6   | Reached ****** piety under Qazlal
 26214 | Lair:6   | Reached skill level 10 in Long Blades
 26549 | Lair:6   | Found a staircase to the Slime Pits.
 26957 | Lair:6   | Reached XP level 14. HP: 76/127 MP: 18/27
 27332 | Lair:6   | Got a warped golden ring
 27334 | Lair:6   | Identified the ring "Werch" {+Fly rPois rN++ MR- Stlth+}
                  | (You acquired it on level 6 of the Lair of Beasts)
 27546 | Orc:1    | Entered Level 1 of the Orcish Mines
 27624 | Orc:2    | Entered Level 2 of the Orcish Mines
 27706 | Orc:2    | Noticed Erolcha
 27866 | Orc:1    | Killed Erolcha
 28350 | Orc:2    | Found a staircase to the Elven Halls.
 28446 | Orc:2    | Found Ovuolorph's Weapon Shoppe.
 28446 | Orc:2    | Found Jorph's Weapon Shop.
 28448 | Orc:2    | Found Lubac's General Store.
 28450 | Orc:2    | Found Pemedes's General Store.
 28667 | Orc:2    | Found a roughly hewn altar of Beogh.
 28936 | Orc:1    | Reached skill level 13 in Fighting
 30439 | Orc:1    | Found Taonibah's Gadget Emporium.
 30713 | Shoals:1 | Entered Level 1 of the Shoals
 31670 | Shoals:2 | Noticed a stone giant
 31698 | Shoals:1 | Killed a stone giant
 32158 | Shoals:2 | Killed from afar by a water nymph

Levels and vault maps discovered:
D:1:      lightli_arrival_noodles, layout_rooms
D:2:      layout_loops_corners, nicolae_qazlal_style_of_elements, uniq_terence
D:3:      layout_rooms, overflow_temple_1_default, uniq_ijyb, uniq_sigmund,
          uniq_jessica, uniq_robin
D:4:      cheibrodos_greedy_goblins, layout_cave_pools, lightli_temple_of_fire,
          gammafunk_temple_overflow_statue, uniq_duvessa
D:5:      layout_loops_ring, led_sif_pool, minmay_temple_entry_nine_rooms,
          first_ration, kennysheep_crisscross, grunt_decor_mini_mirrors,
          okawaru_gym_becter, uniq_grinder, uniq_prince_ribbit1
D:6:      layout_basic, nicolae_tso_besieged_by_evil, serial_shops, shop
D:7:      layout_cave_pools, serial_shops, shop, hellmonk_ghost_happy_afterlife
D:8:      layout_loops_corners, elyvilon_altar_3, fedhas_bush_and_centaur_altar,
          minmay_lair_entry_grove
D:9:      kennysheep_housing_project, layout_small_grid, kennysheep_little_box,
          erik_orc_2, hangedman_pestilent_swarm, nicolae_wwwww,
          hangedman_tree_tricks, uniq_erica
D:10:     layout_basic, ebering_ghost_funeral_grove, basic_altar,
          kennysheep_small_spiral, grunt_gozag_statues
D:11:     layout_roguey, hex_large
Lair:1:   layout_cave_shapes, chequers_serial_rivers_large_b,
          minmay_stone_trees_large, uniq_sonja
Lair:2:   layout_loops_ring, dummy_snake_entry, serial_bayou_lagoon_a
Lair:3:   layout_roguey, chequers_serial_rivers_large_a
Lair:4:   layout_loops_ring, elwin_shoals_entry_stream,
          chequers_serial_rivers_room_b
Lair:5:   layout_roguey
Lair:6:   evilmike_catoblepas_cave, layout_loops_ring,
          minmay_slime_entry_oklob_open, kennysheep_rathole, grunt_megastairs_4,
          uniq_urug
Shoals:1: layout_shoals
Shoals:2: cheibrodos_shoals_roost, layout_shoals, st_cyclops
Orc:1:    layout_diamond_mine, serial_shops, guppyfry_orc_lava_fort
Orc:2:    st_orc_rangers, layout_diamond_mine, basic_altar, uniq_erolcha

Skill      XL: |  1  2  3  4  5  6  7  8  9 10 11 12 13 14 |
---------------+-------------------------------------------+-----
Fighting       | 1 2 3 4 5 6 8 9 11 12 13 | 13.5
Conjurations   | 2 3 4 5 6 7 8 |  8.0
Invocations    | 1 2 3 4 5 8 9 |  9.9
Spellcasting   | 3 4 5 6 7 8 9 |  9.0
Fire Magic     | 4 5 6 7 8 9 |  9.0
Dodging        | 2 3 5 6 7 8 |  8.2
Polearms       | 1 5 |  5.7
Long Blades    | 6 10 12 | 12.4
Stealth        | |  1.7

Action                   |  1- 3 |  4- 6 |  7- 9 | 10-12 | 13-15 || total
-------------------------+-------+-------+-------+-------+-------++-------
Melee: Unarmed           |     1 |       |       |       |       ||     1
       Club              |    16 |     3 |       |       |       ||    19
       Tailslap          |     1 |     1 |    18 |    54 |    57 ||   131
       Trident           |       |    24 |   131 |   260 |       ||   415
       Staff             |       |       |       |     5 |       ||     5
       Demon blade       |       |       |       |   121 |   350 ||   471
Throw: Dart              |       |     9 |     3 |       |     2 ||    14
 Cast: Flame Tongue      |    55 |    83 |   241 |   315 |     4 ||   698
       Throw Flame       |    15 |    28 |    81 |    71 |    30 ||   225
       Conjure Flame     |       |     3 |     9 |    13 |       ||    25
       Sticky Flame      |       |       |     6 |    24 |     9 ||    39
       Fireball          |       |       |       |    29 |    53 ||    82
       Animate Skeleton  |       |       |       |     5 |       ||     5
Invok: Elemental Force   |       |       |       |     2 |     1 ||     3
       Disaster Area     |       |       |       |       |     3 ||     3
       Upheaval          |       |       |       |       |     1 ||     1
 Abil: Breathe Steam     |       |       |     2 |     1 |       ||     3
Evoke: Wand              |       |       |       |     1 |     1 ||     2
       Box of beasts     |       |       |       |       |     1 ||     1
  Use: Scroll            |       |       |    16 |    17 |     2 ||    35
       Potion            |       |       |       |     2 |       ||     2
  Eat: Chunk             |     4 |     9 |     8 |    27 |    21 ||    69
       Ration            |       |       |     6 |     5 |     4 ||    15
Armor: Skin              |    11 |    22 |    69 |   121 |    79 ||   302
Dodge: Dodged            |    35 |    41 |   194 |   401 |   256 ||   927
       Deflected         |       |       |       |     2 |    18 ||    20
Block: Other             |       |     2 |    43 |   154 |   143 ||   342
       Rpst.: Demon blade |       |       |       |    25 |    55 ||    80
